 Dungeon Crawl Stone Soup version 0.29.1-2-gbd0b4ee654 (webtiles) character file.

Game seed: 1520137230218934989

343 zeram the Covered (level 6, 0/53 HPs)
             Began as a Minotaur Fighter on Nov 13, 2022.
             Slain by a black bear (6 damage)
             ... on level 4 of the Dungeon.
             The game lasted 00:05:56 (3635 turns).

zeram the Covered (Minotaur Fighter)                Turns: 3635, Time: 00:05:56

Health: 0/53       AC:  7    Str: 23    XL:     6   Next: 31%
Magic:  5/5        EV: 10    Int: 11    God:
Gold:   239        SH:  4    Dex:  9    Spells: 5/5 levels left

rFire   . . .      SeeInvis .   a - +0 war axe
rCold   . . .      Faith    .   c - +0 buckler
rNeg    . . .      Spirit   .   b - +0 scale mail
rPois   .          Reflect  .   (helmet restricted)
rElec   .          Harm     .   (no cloak)
rCorr   .          Rampage  .   (no gloves)
Will    .....                   (no boots)
Stlth   ..........              o - amulet of the acrobat
HPRegen 0.17/turn               m - +6 ring of intelligence
MPRegen 0.09/turn               (no ring)

@: no status effects
A: horns 2, retaliatory headbutt
a: no special abilities


You were on level 4 of the Dungeon.
You visited 1 branch of the dungeon, and saw 4 of its levels.

You collected 239 gold pieces.

Inventory:

Hand Weapons
 a - a +0 war axe (weapon)
Armour
 b - a +0 scale mail (worn)
 c - a +0 buckler (worn)
Jewellery
 d - a ring of flight
 j - an amulet of magic regeneration
 m - a +6 ring of intelligence (left hand)
 o - an amulet of the acrobat (around neck)
Scrolls
 g - a scroll of vulnerability
 i - 2 scrolls of teleportation
 l - 2 scrolls of noise
 n - a scroll of identify {unknown}
 q - a scroll of fog {unknown}
 r - a scroll of fear {unknown}
Potions
 e - a potion of berserk rage {unknown}
 f - 2 potions of brilliance {unknown}
 h - 2 potions of lignification
 k - a potion of curing
 p - a potion of heal wounds {unknown}


   Skills:
 + Level 4.3 Fighting
 + Level 5.3 Axes
 + Level 5.8 Armour
 + Level 1.5 Dodging
 + Level 4.3 Shields


You had 5 spell levels left.
You didn't know any spells.
Your spell library contained the following spells:

 Spells                   Type           Power      Damage    Failure   Level
 Apportation              Tloc           0%         N/A       73%         1
 Gell's Gravitas          Tloc           0%         N/A       97%         3
 Lesser Beckoning         Tloc           0%         N/A       97%         3
 Teleport Other           Tloc           0%         N/A       97%         3
 Alistair's Intoxication  Tmut/Pois      0%         N/A       100%        5


Dungeon Overview and Level Annotations

Branches:
Dungeon (4/15)
 Temple: D:4-7

Altars:
Dithmenos
Kikubaaqudgha
Uskayaw

Shops:
D:1 ((=   D:4 [!


Innate Abilities, Weirdness & Mutations

You have a pair of horns on your head.
You reflexively headbutt those who attack you in melee.


Message History

You slash the black bear!
The black bear is severely wounded.
The black bear goes berserk!
You hit the black bear.
The black bear is almost dead.
The black bear bites you.
The black bear claws you but does no damage. x2
The black bear closely misses you. You furiously retaliate!
You headbutt the black bear, but do no damage.
The black bear claws you but does no damage. x2
You hit the black bear. You headbutt the black bear.
The black bear is almost dead.
The black bear bites you. The black bear closely misses you.
The black bear claws you. The black bear closely misses you.
You block the black bear's attack. The black bear claws you.
You hit the black bear but do no damage.
The black bear is almost dead.
The black bear bites you but does no damage.
The black bear claws you but does no damage.
The black bear closely misses you. x2; You furiously retaliate!
You headbutt the black bear, but do no damage.
You block the black bear's attack. The black bear barely misses you.
You closely miss the black bear.
The black bear is almost dead.
The black bear bites you. The black bear claws you.
The black bear closely misses you. The black bear bites you!
* * * LOW HITPOINT WARNING * * *
The black bear completely misses you. The black bear closely misses you.
You hit the black bear.
The black bear is almost dead.
The black bear bites you.
* * * LOW HITPOINT WARNING * * *
The black bear claws you.
* * * LOW HITPOINT WARNING * * *
The black bear claws you.
* * * LOW HITPOINT WARNING * * *
The black bear closely misses you.
The black bear claws you but does no damage.
The black bear claws you.
You die...

####......####..######........
.#######.....###.# #.........
.......<.#....# ..####.........
........###.#................>.
........# #.#####.#####........
........# #.#####.## ##..>#...
######### #........### ########
##......∩... #..@.......
#.<.h..<... #..........
###########


You could see a black bear (berserk).

Vanquished Creatures
  An ogre (D:4)
  A scorpion (D:4)
  2 orc priests (D:4)
  2 orc wizards
  An adder (D:3)
  2 worms
  2 dart slugs (D:1)
  8 orcs
  2 endoplasms
  3 giant cockroaches
  10 goblins
  6 hobgoblins
  2 jackals (D:2)
  3 quokkas
  3 ball pythons
  5 bats
  5 frilled lizards
  10 kobolds
  7 rats
75 creatures vanquished.

Notes
Turn   | Place    | Note
-------+----------+-------------------------------------------
     0 | D:1      | zeram the Minotaur Fighter began the quest for the Orb.
     0 | D:1      | Reached XP level 1. HP: 19/19 MP: 0/0
   116 | D:1      | Found Mupoha Yted's Weapon Shoppe.
   123 | D:1      | Found Muetrut's Antique Weapon Shoppe.
   149 | D:1      | Found Eteffei's Jewellery Emporium.
   193 | D:1      | Reached XP level 2. HP: 27/27 MP: 1/1
   529 | D:1      | Reached XP level 3. HP: 30/33 MP: 2/2
   875 | D:1      | Found a faded altar of an unknown god.
  1753 | D:3      | Found a shadowy altar of Dithmenos.
  1754 | D:3      | Found an ancient bone altar of Kikubaaqudgha.
  2125 | D:3      | Reached XP level 4. HP: 40/40 MP: 3/3
  2182 | D:3      | Found a hide-covered altar of Uskayaw.
  2859 | D:4      | Found Kiesas's Antique Armour Shoppe.
  2975 | D:4      | Noticed an ogre
  2979 | D:4      | Killed an ogre
  2980 | D:4      | Reached skill level 5 in Armour
  2980 | D:4      | Reached skill level 1 in Dodging
  2980 | D:4      | Reached XP level 5. HP: 46/46 MP: 4/4
  3034 | D:4      | Reached skill level 5 in Axes
  3060 | D:4      | HP: 3/69 [orc priest/+0 mace (4)]
  3064 | D:4      | Reached XP level 6. HP: 5/52 MP: 5/5
  3624 | D:4      | Found Urogourr's Distillery.
  3635 | D:4      | Slain by a black bear

Illustrated notes

Levels and vault maps discovered:
D:1:      minmay_arrival_arboretum_small, layout_loops_ring,
          chequers_ecumenical_altar_simple_redux, serial_shops, shop_fountains,
          shop, nicolae_shop_stone, minivault_23,
          chequers_serial_rivers_small_3, minmay_pentomino_v2
D:2:      layout_loops_ring
D:3:      layout_loops_corners, lemuel_coloured_pillars_altar, minitemple
D:4:      layout_rooms, marbit_many_paths, serial_shops, shop,
          nicolae_shop_crystal, kennysheep_little_box,
          gammafunk_ghost_nasty_kobolds

Skill      XL: |  1  2  3  4  5 |
---------------+----------------+-----
Shields        | 4 |  4.3
Armour         | 4 5 |  5.8
Axes           | 3 4 5 |  5.3
Fighting       | 4 |  4.3
Dodging        | 1 |  1.5

Action                   |  1- 3 |  4- 6 || total
-------------------------+-------+-------++-------
Melee: War axe           |    86 |    87 ||   173
       Headbutt          |    13 |    10 ||    23
  Use: Scroll            |       |     5 ||     5
       Potion            |       |     5 ||     5
Armor: Scale mail        |    36 |    57 ||    93
       Skin              |       |     8 ||     8
Dodge: Dodged            |    35 |    32 ||    67
Block: Buckler           |    17 |    16 ||    33
